 Dungeon Sprint DCSS version 0.30-a0-696-g2367cd04db (webtiles) character file.

Game seed: 9627993463545503805

4 petercordia the Shooter (level 1, -31/16 HPs)
             Began as a Formicid Hunter on Jan 21, 2023.
             Killed by an exploding white imp (40 damage)
             ... ignited by their inner flame
             ... in the Dungeon (Sprint IX: "|||||||||||||||||||||||||||||").
             The game lasted 00:00:19 (20 turns).

petercordia the Shooter (Formicid Hunter)             Turns: 20, Time: 00:00:19

Health: -31/16     AC:  3    Str: 15    XL:     1   Next: 77%
Magic:  1/1        EV: 12    Int:  8    God:
Gold:   0          SH:  0    Dex: 17    Spells: 0/0 levels left

rFire   . . .      SeeInvis +    a - +0 shortbow
rCold   . . .      Faith    .    (no shield)
rNeg    . . .      Spirit   .    c - +0 leather armour
rPois   .          Reflect  .    (helmet unavailable)
rElec   .          Harm     .    (no cloak)
rCorr   .          Rampage  .    (no gloves)
Will    .....                    (no boots)
Stlth   ++                       (no amulet)
HPRegen 0.22/turn                (no ring)
MPRegen 0.07/turn                (no ring)

@: no status effects
A: permanent stasis, dig shafts and tunnels, antennae 3, four strong arms
a: Dig


You were in the Dungeon.
You visited 1 branch

Inventory:

Hand Weapons
 a - a +0 shortbow (weapon)
Armour
 c - a +0 leather armour (worn)
Scrolls
 i - a scroll of blinking
Potions
 d - a potion of curing
 e - a potion of heal wounds
 f - a potion of haste
 g - 2 potions of magic
 h - a potion of berserk rage


   Skills:
 + Level 2.2 Fighting
 + Level 5.1 Ranged Weapons
 + Level 2.0 Dodging
 + Level 1.2 Stealth


You couldn't memorise any spells.
You didn't know any spells.
Your spell library was empty.

Dungeon Overview and Level Annotations

Branches:
Dungeon (1/1)

Altars:


Innate Abilities, Weirdness & Mutations

You cannot be hasted, slowed, berserked, paralysed or teleported.
You can dig through walls and to a lower floor.
You have a pair of large antennae on your head. (SInv)
Your four strong arms can wield two-handed weapons with a shield.


Message History

You shoot an arrow. The arrow hits the frilled lizard!
You kill the frilled lizard!
Your Ranged Weapons skill increases to level 5!
You shoot an arrow. The arrow closely misses the rat.
The rat misses you. The rat bites you but does no damage.
You shoot an arrow. The arrow hits the rat.
You kill the rat!
There is an open door to the Dungeon, spattered with blood here.
Items here: ) †††.
You sense a monster nearby.
You sense a monster nearby.
You open the door.
A black bear, a phantom, a jelly, a hound and a white imp come into view.
The jelly quivers.
The white imp shouts, "Bolt, thou artless beef-witted joithead!"
The hound barks!
The black bear growls angrily.
Really read the scroll of immolation?
Uppercase [Y]es or [N]o only, please.
Really read the scroll of immolation?
As you read the scroll of immolation, it crumbles to dust.
The creatures around you are filled with an inner flame!
The white imp hits you. The white imp freezes you.
Unknown command.
Non-targeted abil: Dig
Press: ? - help, Q - select action, (/) - cycle Dir - look around, f - activate You extend your mandibles.
Non-targeted abil: Dig
Press: ? - help, Q - select action, (/) - cycle Dir - look around, f - activate You retract your mandibles.
Fire: a) +0 shortbow
Press: ? - help, Shift-Dir - straight line, f - white imp
Aim: a white imp (inner flame, 63% to hit)
You shoot an arrow. The arrow hits the white imp!
Flame seeps out of the white imp.
The white imp is almost dead.
The white imp is engulfed in blazing flames.
The white imp explodes!
The fiery explosion engulfs the hound!!
The fiery explosion engulfs you!!!
Ouch! That really hurt!
You die... ▓▓▓▓▓▓▓▓▓▓▓▓▓▓▓▓▓▓ +.hWJ.○@....)...<▓ ▓▓▓▓▓▓▓▓▓▓▓▓▓▓▓▓▓▓

You could see a black bear (inner flame), a phantom (inner flame) and a jelly (inner flame).

Vanquished Creatures
  A hound (D)
  A white imp (D)
  A giant cockroach (D)
  A goblin (D)
  A frilled lizard (D)
  2 rats (D)
7 creatures vanquished.

Notes
Turn   | Place    | Note
-------+----------+-------------------------------------------
     0 | D        | petercordia the Formicid Hunter began the quest for the
                  | Orb.
     0 | D        | Reached XP level 1. HP: 16/16 MP: 1/1
    10 | D        | Reached skill level 5 in Ranged Weapons
    18 | D        | Noticed a black bear
    18 | D        | Noticed a phantom
    18 | D        | Noticed a jelly
    18 | D        | Noticed a hound
    20 | D        | Killed a hound
    20 | D        | Killed by an exploding white imp... ignited by their inner
                  | flame

Illustrated notes

Levels and vault maps discovered:
D:        linesprint [early_d, line_temple, items_1, d_10, items_2, lair_1,
          lair_end, items_3, orc_1, orc_end, items_4, d_15, swamp_1, shoals_1,
          snake_1, spider_1, d_20, vaults_1, items_5, swamp_end, shoals_end,
          snake_end, spider_end, vaults_end, d_27, items_6, zot_1, zot_end,
          crypt_end, forest_end, elf_end, slime_end, tomb_end, abyss_end,
          pan_hell_end]

Skill      XL: |  1 |
---------------+----+-----
Dodging        | 2 |  2.0
Ranged Weapons | 5 |  5.1
Fighting       | |  2.2
Stealth        | |  1.2

Action                   || total
-------------------------++-------
 Fire: Shortbow          ||     9
 Abil: Dig               ||     2
  Use: Scroll            ||     1
Armor: Leather armour    ||     1
Dodge: Dodged            ||     1

Table legend: (Time is in decaauts)
 A = Elapsed time spent in this place.
 B = Non-inter-level travel time spent in this place.
 C = Inter-level travel time spent in this place.
 D = Time resting spent in this place.
 E = Time spent auto-exploring this place.
 F = Levels seen in this place.
 G = Mean time per level.
                   A        B        C        D        E       F      G
               +--------+--------+--------+--------+--------+-----+--------+
         Total |     22 |     22 |      0 |      0 |      6 |   1 |   22.0 |
       Dungeon |     22 |     22 |      0 |      0 |      6 |   1 |   22.0 |
               +--------+--------+--------+--------+--------+-----+--------+

Top non-repeatable levels by time:
       D: 22 daAuts
